Unix NetHack Version 5.0.0-0 post-release - last build May 22 2026 02:22:16 (99d1c3b6dc4b13757aaa5824b55bdea4e1e63757,branch:main).

Game began 2026-05-22 04:02:59, ended 2026-05-22 04:21:02.

ArrBianca, neutral female human Monk

                              ----
                              -%.|
                          -  |...--
                         -........---
                         ...........--
                         -....G......--
                        -....GG@......---
                         .....%.........-
                          ............%%.
                          ..............
                          -[)..
                          -..)..
                            ..)..
                             ....
                              ...

ArrBianca the Novice            St:16 Dx:15 Co:14 In:10 Wi:13 Ch:8  Neutral
Dlvl:5  $:18 HP:0(44) Pw:21(26) AC:2  Xp:5 T:812 

Latest messages:
 What do you want to eat? [e-hptuy or ?*] f
 Core dumped.
 Your movements are now unencumbered.
 The gnome misses!
 You kill the gnome!
 You have a little trouble lifting a scroll labeled LEP GEX VEN ZEA.  Continue? [ynq] (q) y
 You have a little trouble lifting G - a scroll labeled LEP GEX VEN ZEA.
 Your movements are slowed slightly because of your load.
 You hear a nearby zap.
 The magic missile hits you!
 The magic missile bounces!
 The magic missile hits you!
 You hear the howling of the CwnAnnwn...
 The gnome wields 3 daggers!
 The gnome wields a thonged club!
 The gnome secures the tether on the thonged club.
 What do you want to ready? [- $lsv or ?*] ?
 What do you want to ready? [- $lsv or ?*] q
 You don't have that object.
 What do you want to ready? [- $lsv or ?*] <space>
 Never mind.
 What do you want to drink? [dB or ?*] ?
 You feel better.
 Your movements are now unencumbered.
 The air around you begins to shimmer with a golden haze.
 You kill the gnome!
 The gnome swings his thonged club.
 The gnome misses!
 You hit the gnome!
 You kill the gnome!
 You catch the dagger! H - a dagger.
 You kill the gnome!
 You kill the gnome!
 The gnome lord wields a broad short sword!
 The golden haze around you becomes less dense.
 You have a little trouble lifting 2 food rations.  Continue? [ynq] (q) n
 The gnome lord thrusts his broad short sword.
 The gnome lord hits!
 You miss the gnome lord.
 The gnome lord thrusts his broad short sword.
 The gnome lord hits!
 The gnome misses!
 You hit the gnome lord!
 You hit the gnome lord!
 The gnome lord thrusts his broad short sword.
 The gnome lord just misses!
 The gnome hits!
 You die...
 Do you want your possessions identified? [ynq] (y) y
 Do you want to see your attributes? [ynq] (y) q

Inventory:
 Coins    ('$')
  $ - 18 gold pieces
 Weapons  (')')
  C - 11 +0 arrows
  D - a +0 bow
  m - a cursed +0 crossbow
  l - 17 +0 darts
  H - a +0 dagger
  s - the blessed +3 Sting
  v - a blessed +2 aklys (at the ready)
 Armor    ('[')
  a - an uncursed +2 pair of leather gloves (being worn)
  b - an uncursed +1 robe (being worn)
  A - an uncursed +0 dwarvish mithril-coat
  r - an uncursed +0 studded leather armor
 Comestibles  ('%')
  y - an uncursed head of romanesco
  f - 4 uncursed apples
  e - 3 uncursed food rations
  h - 4 uncursed fortune cookies
  t - 2 uncursed lembas wafers
  g - 6 uncursed oranges
  p - an uncursed tripe ration
  u - an uncursed lichen corpse
 Scrolls  ('?')
  G - an uncursed scroll of confuse monster
  o - an uncursed scroll of enchant armor
  z - an uncursed scroll of identify
  c - an uncursed scroll of magic mapping
 Spellbooks  ('+')
  i - a blessed spellbook of protection
 Potions  ('!')
  B - an uncursed potion of extra healing
  d - 2 uncursed potions of healing
 Tools    ('(')
  j - a magic marker (0:21)
  w - an uncursed mirror
  E - an uncursed partly used tallow candle (lit)
 Gems/Stones  ('*')
  x - an uncursed worthless piece of yellow glass

ArrBianca the Monk's attributes:

Background:
 You were a Novice, a level 5 female human Monk.
 You were neutral, on a mission for Chih Sung-tzu
 who was opposed by Shan Lai Ching (lawful) and Huan Ti (chaotic).
 You were right-handed.
 You were in the Gnomish Mines, on level 5.
 You entered the dungeon 812 turns ago.
 It was nighttime.
 You had 211 experience points, 109 more were needed to attain level 6.

Basics:
 You had 0 out of 44 hit points.
 You had 21 out of 26 energy points (spell power).
 Your armor class was 2.
 Your wallet contained 18 zorkmids.
 Autopickup was on for '$?!/="+%' plus thrown, with exceptions.

Final Characteristics:
 Your strength was 16 (limit:18/100).
 Your dexterity was 15 (limit:18).
 Your constitution was 14 (limit:18).
 Your intelligence was 10 (limit:18).
 Your wisdom was 13 (limit:18).
 Your charisma was 8 (limit:18).

Final Status:
 You weren't hungry.
 You were unencumbered.
 You were empty handed.
 You had basic skill with martial arts.

Final Attributes:
 You were devoutly aligned.
 You were sleep resistant.
 You were poison resistant.
 You saw invisible.
 You were stealthy.
 You had a small defense bonus (+2).
 You were guarded.
 Your spell casting was enhanced by wearing a robe.
 You were fast.
 You are dead.

Miscellaneous:
 You didn't encounter any bones levels.
 Total elapsed playing time was 18 minutes and 3 seconds.

Major events:
 Turn
    1: ArrBianca the neutral female human Monk entered the dungeon
  357: found Sting on the floor
  618: entered the Gnomish Mines
  621: attained the rank of Novice (level 3)
  812: killed by a gnome

Spells:
 Name                 Level Category     Fail Retention
 protection             1   clerical       0%  76%-100%

Skills:
 Fighting Skills
   martial arts       [Basic]
 Weapon Skills
   quarterstaff       [Unskilled]
   spear              [Unskilled]
   crossbow           [Unskilled]
   shuriken           [Unskilled]
 Spellcasting Skills
   attack spells      [Unskilled]
   healing spells     [Basic]
   divination spells  [Unskilled]
   enchantment spells [Unskilled]
   clerical spells    [Unskilled]
   escape spells      [Unskilled]
   matter spells      [Unskilled]

Voluntary challenges:
 Character rerolling was not enabled.
 You followed a strict vegan diet.
 You were an atheist.
 You never hit with a wielded weapon.
 You were illiterate.
 You never genocided any monsters.
 You never polymorphed an object.
 You never changed form.
 You used no wishes.
Achievements:
 You entered the Gnomish Mines.
 You attained the rank of Novice.

 The Dungeons of Doom: levels 1 to 3
    Level 1:
       A sink.
    Level 2:
       A fountain.
    Level 3:
       A fountain.
       Stairs down to The Gnomish Mines.
 The Gnomish Mines: levels 4 to 5
    Level 4:
    Level 5: <- You were here.
       Final resting place for
          you, killed by a gnome.


Vanquished creatures:
  2 gnome leaders
  4 dwarves
 an acid blob
 16 gnomes
  a gnome zombie
  2 geckos
  2 jackals
  3 goblins
  2 sewer rats
  3 grid bugs
  2 lichens
  4 newts
42 creatures vanquished.

No species were genocided or became extinct.

Game over:
                       ----------
                      /          \
                     /    REST    \
                    /      IN      \
                   /     PEACE      \
                  /                  \
                  |    ArrBianca     |
                  |      18 Au       |
                  |   killed by a    |
                  |      gnome       |
                  |                  |
                  |                  |
                  |       2026       |
                 *|     *  *  *      | *
        _________)/\\_//(\/(/\)/\//\/|_)_______

Goodbye ArrBianca the Monk...

You died in The Gnomish Mines on dungeon level 5 with 1061 points,
and 18 pieces of gold, after 812 moves.
You were level 5 with a maximum of 44 hit points when you died.

